[ AOE2 MATCH · #471665710 ]
UnrankedIncas vs Mapuche
[ REPLAY ANALYSIS · EXTRACTED FROM THE RECORDED GAME ]
Feudal
12:41
Castle
27:56
Imperial
—
| APM avg | 12.3 |
| APM peak | 44 |
| eAPM avg | 8.2 |
| Villagers / military | 60 / 0 |
Focus
⚔️ 8.1% · 🌾 91.9%
Unknown (2550) ×12
Feudal
—
Castle
—
Imperial
—
| APM avg | 23.6 |
| APM peak | 54 |
| eAPM avg | 18.0 |
| Villagers / military | 120 / 29 |
Focus
⚔️ 13.7% · 🌾 86.3%
Bolas Rider ×20 · Monk ×9 · Fishing Ship ×4
Feudal
15:00
Castle
26:41
Imperial
—
| APM avg | 28.1 |
| APM peak | 52 |
| eAPM avg | 18.1 |
| Villagers / military | 141 / 165 |
Focus
⚔️ 18.0% · 🌾 82.0%
Knight ×161 · Battering Ram ×3 · Mangonel ×1
Feudal
12:17
Castle
28:05
Imperial
—
| APM avg | 14.5 |
| APM peak | 34 |
| eAPM avg | 7.6 |
| Villagers / military | 34 / 35 |
Focus
⚔️ 22.9% · 🌾 77.1%
Leitis ×27 · Knight ×7 · Trade Cart ×6 · Monk ×1
Match map
Initial resources + every placement click. Lines = walls · curves = elevation contours. ◆ gold · ⬟ stone · ● berries · ✦ relic · ◌ wall gap
Your base
GiulioSalmo's base
amazingsounds2000's base· Open — unwalled flank
M̷r̷-̷R̷a̷p̷t̷o̷R̷s̷'s base
Smoothed initial terrain · ◌ = detected wall gap · hover for details
Inputs per minute
— King Win - - GiulioSalmo
Build order — King Win
135 actions detected in the replay
| 0:09 | Research | Loom |
| 0:10 | Create | Villager (Male) |
| 0:10 | Create | Villager (Male) |
| 0:10 | Create | Villager (Male) |
| 0:21 | Build | House |
| 0:32 | Create | Villager (Male) |
| 0:32 | Create | Villager (Male) |
| 1:11 | Build | Palisade Wall |
| 1:17 | Build | Palisade Wall |
| 2:25 | Create | Villager (Male) |
| 2:26 | Create | Villager (Male) |
| 3:05 | Create | Villager (Male) |
| 3:06 | Create | Villager (Male) |
| 3:06 | Create | Villager (Male) |
| 3:36 | Create | Villager (Male) |
| 3:36 | Create | Villager (Male) |
| 4:19 | Create | Villager (Male) |
| 4:19 | Create | Villager (Male) |
| 4:53 | Build | Settlement |
| 5:04 | Create | Villager (Male) |
| 5:04 | Create | Villager (Male) |
| 5:04 | Create | Villager (Male) |
| 5:21 | Create | Villager (Male) |
| 5:22 | Create | Villager (Male) |
| 6:16 | Create | Villager (Male) |
| 6:16 | Create | Villager (Male) |
| 6:59 | Create | Villager (Male) |
| 6:59 | Create | Villager (Male) |
| 7:22 | Build | Settlement |
| 7:55 | Create | Villager (Male) |
| 7:55 | Create | Villager (Male) |
| 7:56 | Create | Villager (Male) |
| 8:18 | Create | Villager (Male) |
| 9:24 | Create | Villager (Male) |
| 10:31 | Research | Feudal Age |
| 11:47 | Build | Settlement |
| 12:41 | Age | Feudal Age |
| 12:42 | Create | Villager (Male) |
| 12:42 | Create | Villager (Male) |
| 12:45 | Research | Double-Bit Axe |
| 12:46 | Research | Horse Collar |
| 13:00 | Create | Villager (Male) |
| 13:00 | Create | Villager (Male) |
| 13:11 | Build | Barracks |
| 13:30 | Build | Farm |
| 13:38 | Build | Farm |
| 14:28 | Create | Villager (Male) |
| 14:28 | Create | Villager (Male) |
| 14:32 | Create | Villager (Male) |
| 14:32 | Create | Villager (Male) |
| 14:51 | Build | Farm |
| 14:51 | Build | Farm |
| 14:52 | Build | Farm |
| 14:52 | Build | Farm |
| 15:07 | Create | Villager (Male) |
| 15:47 | Build | Market |
| 16:01 | Build | Blacksmith |
| 16:39 | Research | Wheelbarrow |
| 17:04 | Build | Settlement |
| 17:14 | Create | Villager (Male) |
| 17:15 | Create | Villager (Male) |
| 17:54 | Research | Tech 1402 |
| 18:05 | Research | Gold Mining |
| 18:05 | Research | Stone Mining |
| 18:12 | Build | Farm |
| 18:12 | Build | Farm |
| 18:13 | Build | Farm |
| 18:13 | Build | Farm |
| 18:13 | Build | Farm |
| 18:26 | Create | Villager (Male) |
| 18:58 | Create | Unit 2550 ×5 |
| 18:58 | Create | Unit 2550 ×5 |
| 19:25 | Create | Villager (Male) |
| 19:26 | Create | Villager (Male) |
| 19:30 | Build | Farm |
| 19:33 | Build | Farm |
| 19:35 | Build | Farm |
| 19:37 | Build | Farm |
| 19:41 | Create | Villager (Male) |
| 20:05 | Build | Settlement |
| 20:20 | Create | Villager (Male) |
| 20:20 | Create | Villager (Male) |
| 20:54 | Build | Settlement |
| 20:57 | Create | Villager (Male) |
| 21:31 | Create | Villager (Male) |
| 21:42 | Research | Scale Mail Armor |
| 21:48 | Create | Unit 2550 ×2 |
| 22:25 | Create | Villager (Male) |
| 22:25 | Create | Villager (Male) |
| 23:12 | Build | Archery Range |
| 23:15 | Build | Archery Range |
| 23:22 | Build | Archery Range |
| 23:23 | Build | Archery Range |
| 23:39 | Build | Barracks |
| 24:01 | Create | Villager (Male) |
| 24:02 | Create | Villager (Male) |
| 24:06 | Create | Villager (Male) |
| 24:57 | Build | Stone Wall |
| 25:08 | Build | Farm |
| 25:09 | Build | Farm |
| 25:10 | Build | Farm |
| 25:10 | Build | Farm |
| 25:14 | Research | Castle Age |
| 25:38 | Create | Villager (Male) |
| 25:38 | Create | Villager (Male) |
| 26:52 | Build | House |
| 26:54 | Build | House |
| 26:57 | Build | House |
| 27:02 | Build | House |
| 27:05 | Build | House |
| 27:11 | Build | House |
| 27:15 | Build | House |
| 27:23 | Build | House |
| 27:27 | Build | Farm |
| 27:29 | Build | House |
| 27:32 | Build | House |
| 27:41 | Build | House |
| 27:46 | Build | House |
| 27:52 | Build | House |
| 27:56 | Age | Castle Age |
| 27:59 | Research | Tech 1351 |
| 28:05 | Research | Crossbowman (upgrade) |
| 28:27 | Research | Crossbowman (upgrade) |
| 28:32 | Research | Fletching |
| 28:44 | Create | Villager (Male) |
| 28:44 | Create | Villager (Male) |
| 28:56 | Build | Town Center |
| 29:51 | Build | Town Center |
| 29:53 | Create | Villager (Male) |
| 29:53 | Create | Villager (Male) |
| 29:59 | Research | Padded Archer Armor |
| 30:00 | Research | Bodkin Arrow |
| 30:24 | Build | Settlement |
| 30:56 | Create | Villager (Male) |
| 30:56 | Create | Villager (Male) |
Build order — GiulioSalmo
First 150 of 240 actions detected
| 0:04 | Research | Loom |
| 0:04 | Create | Villager (Male) |
| 0:04 | Create | Villager (Male) |
| 0:05 | Create | Villager (Male) |
| 0:05 | Create | Villager (Male) |
| 0:05 | Create | Villager (Male) |
| 0:07 | Build | House |
| 0:09 | Build | House |
| 1:47 | Build | Palisade Wall |
| 1:52 | Create | Villager (Male) |
| 1:52 | Create | Villager (Male) |
| 2:19 | Create | Villager (Male) |
| 2:19 | Create | Villager (Male) |
| 3:14 | Create | Villager (Male) |
| 3:15 | Create | Villager (Male) |
| 3:15 | Create | Villager (Male) |
| 3:34 | Create | Villager (Male) |
| 3:45 | Build | Settlement |
| 4:06 | Create | Villager (Male) |
| 4:06 | Create | Villager (Male) |
| 4:45 | Create | Villager (Male) |
| 4:45 | Create | Villager (Male) |
| 4:45 | Create | Villager (Male) |
| 5:50 | Build | Outpost |
| 6:39 | Build | Outpost |
| 6:54 | Build | Settlement |
| 8:01 | Build | Outpost |
| 8:15 | Research | Feudal Age |
| 8:58 | Build | Settlement |
| 10:27 | Research | Wheelbarrow |
| 10:28 | Research | Town Watch |
| 10:30 | Create | Villager (Male) |
| 10:30 | Create | Villager (Male) |
| 10:58 | Build | Stone Wall |
| 11:09 | Build | Stone Wall |
| 12:23 | Build | Barracks |
| 12:29 | Research | Double-Bit Axe |
| 12:53 | Create | Villager (Male) |
| 13:01 | Build | Dock |
| 13:20 | Create | Villager (Male) |
| 13:41 | Create | Villager (Male) |
| 14:10 | Create | Villager (Male) |
| 14:10 | Create | Villager (Male) |
| 14:46 | Create | Villager (Male) |
| 14:46 | Create | Villager (Male) |
| 14:46 | Create | Villager (Male) |
| 14:56 | Build | Blacksmith |
| 15:14 | Create | Villager (Male) |
| 15:14 | Create | Villager (Male) |
| 15:45 | Create | Villager (Male) |
| 15:45 | Create | Villager (Male) |
| 15:46 | Create | Villager (Male) |
| 16:21 | Create | Villager (Male) |
| 16:49 | Research | Horse Collar |
| 17:03 | Research | Arson |
| 17:30 | Research | Gold Mining |
| 18:14 | Build | Settlement |
| 18:35 | Create | Fishing Ship |
| 19:34 | Build | Market |
| 20:03 | Research | Stone Mining |
| 21:29 | Research | Castle Age |
| 21:57 | Build | Settlement |
| 22:12 | Build | Farm |
| 22:17 | Build | Farm |
| 22:46 | Build | Settlement |
| 22:54 | Create | Fishing Ship |
| 23:07 | Build | Farm |
| 23:15 | Create | Villager (Male) |
| 23:15 | Create | Villager (Male) |
| 23:16 | Create | Villager (Male) |
| 23:16 | Create | Villager (Male) |
| 23:33 | Create | Fishing Ship |
| 23:33 | Create | Fishing Ship |
| 23:51 | Build | Farm |
| 23:58 | Build | Farm |
| 23:59 | Build | Farm |
| 24:26 | Build | Settlement |
| 24:33 | Create | Villager (Male) |
| 24:33 | Create | Villager (Male) |
| 24:50 | Build | Farm |
| 25:11 | Build | Farm |
| 25:12 | Build | Farm |
| 25:27 | Research | Bow Saw |
| 25:56 | Build | Town Center |
| 25:57 | Create | Villager (Male) |
| 25:58 | Create | Villager (Male) |
| 25:58 | Create | Villager (Male) |
| 26:14 | Build | Settlement |
| 26:45 | Create | Villager (Male) |
| 26:45 | Create | Villager (Male) |
| 26:46 | Create | Villager (Male) |
| 27:08 | Build | Monastery |
| 27:14 | Create | Villager (Male) |
| 27:15 | Create | Villager (Male) |
| 27:15 | Create | Villager (Male) |
| 27:15 | Create | Villager (Male) |
| 27:24 | Build | Fish Trap |
| 27:33 | Create | Villager (Male) |
| 27:33 | Create | Villager (Male) |
| 27:42 | Build | Farm |
| 28:01 | Build | Town Center |
| 28:04 | Create | Villager (Male) |
| 28:04 | Create | Villager (Male) |
| 28:04 | Create | Villager (Male) |
| 28:16 | Build | Farm |
| 28:21 | Create | Monk |
| 28:33 | Build | Monastery |
| 28:36 | Create | Villager (Male) |
| 28:36 | Create | Villager (Male) |
| 28:51 | Create | Villager (Male) |
| 28:52 | Create | Villager (Male) |
| 29:04 | Create | Monk |
| 29:17 | Create | Villager (Male) |
| 29:17 | Create | Villager (Male) |
| 29:22 | Build | Town Center |
| 29:32 | Create | Villager (Male) |
| 29:32 | Create | Villager (Male) |
| 29:32 | Create | Villager (Male) |
| 30:02 | Research | Sanctity |
| 30:04 | Research | Fervor |
| 30:06 | Create | Villager (Male) |
| 30:06 | Create | Villager (Male) |
| 30:07 | Create | Villager (Male) |
| 30:15 | Build | Farm |
| 30:20 | Build | Fish Trap |
| 30:22 | Research | Tech 906 |
| 30:44 | Build | Settlement |
| 30:52 | Research | Heavy Plow |
| 30:57 | Build | Farm |
| 30:58 | Build | Farm |
| 31:16 | Build | Farm |
| 31:17 | Build | Farm |
| 31:20 | Build | Farm |
| 31:30 | Build | Farm |
| 31:31 | Build | Farm |
| 31:32 | Build | Farm |
| 32:07 | Research | Hand Cart |
| 32:12 | Research | Stone Shaft Mining |
| 32:22 | Build | Farm |
| 32:26 | Build | Farm |
| 32:27 | Build | Farm |
| 32:40 | Research | Gold Shaft Mining |
| 32:42 | Research | Elite Skirmisher (upgrade) |
| 33:00 | Create | Villager (Male) |
| 33:00 | Create | Villager (Male) |
| 33:00 | Create | Villager (Male) |
| 33:01 | Create | Villager (Male) |
| 33:01 | Create | Villager (Male) |
| 33:08 | Create | Villager (Male) |
| 33:09 | Create | Villager (Male) |
Build order — amazingsounds2000
First 150 of 304 actions detected
| 0:01 | Create | Villager (Male) |
| 0:01 | Create | Villager (Male) |
| 0:01 | Create | Villager (Male) |
| 0:01 | Create | Villager (Male) |
| 0:04 | Build | House |
| 0:07 | Build | House |
| 0:35 | Research | Loom |
| 0:35 | Create | Villager (Male) ×2 |
| 0:36 | Create | Villager (Male) ×2 |
| 1:21 | Build | Palisade Wall |
| 1:27 | Build | Palisade Wall |
| 1:47 | Build | Lumber Camp |
| 2:03 | Create | Villager (Male) |
| 2:03 | Create | Villager (Male) |
| 2:03 | Create | Villager (Male) |
| 2:54 | Create | Villager (Male) |
| 2:54 | Create | Villager (Male) |
| 2:54 | Create | Villager (Male) |
| 3:27 | Create | Villager (Male) |
| 3:27 | Create | Villager (Male) |
| 3:49 | Create | Villager (Male) |
| 3:49 | Create | Villager (Male) |
| 4:08 | Create | Villager (Male) |
| 4:08 | Create | Villager (Male) |
| 4:26 | Create | Villager (Male) |
| 4:26 | Create | Villager (Male) |
| 4:26 | Create | Villager (Male) |
| 4:48 | Create | Villager (Male) |
| 4:48 | Create | Villager (Male) |
| 5:12 | Build | House |
| 5:12 | Build | House |
| 5:20 | Build | House |
| 5:27 | Create | Villager (Male) |
| 5:27 | Create | Villager (Male) |
| 5:28 | Create | Villager (Male) |
| 5:30 | Create | Villager (Male) |
| 5:30 | Create | Villager (Male) |
| 5:31 | Create | Villager (Male) |
| 6:01 | Build | House |
| 6:04 | Build | House |
| 6:13 | Build | Lumber Camp |
| 6:21 | Build | Lumber Camp |
| 6:24 | Create | Villager (Male) ×3 |
| 6:24 | Create | Villager (Male) ×3 |
| 6:57 | Build | House |
| 7:13 | Create | Villager (Male) ×3 |
| 7:14 | Create | Villager (Male) ×3 |
| 7:30 | Build | House |
| 7:41 | Build | House |
| 7:52 | Create | Villager (Male) ×2 |
| 7:52 | Create | Villager (Male) ×2 |
| 8:13 | Build | Lumber Camp |
| 8:25 | Create | Villager (Male) |
| 8:26 | Create | Villager (Male) |
| 8:58 | Build | Barracks |
| 10:01 | Create | Villager (Male) ×2 |
| 10:01 | Create | Villager (Male) ×2 |
| 10:07 | Build | Mill |
| 10:54 | Create | Villager (Male) |
| 10:54 | Create | Villager (Male) |
| 10:55 | Create | Villager (Male) |
| 10:55 | Create | Villager (Male) |
| 11:31 | Build | Mining Camp |
| 11:55 | Build | Mill |
| 12:50 | Research | Feudal Age |
| 12:50 | Research | Feudal Age |
| 13:33 | Build | Mill |
| 13:45 | Create | Villager (Male) |
| 13:45 | Create | Villager (Male) |
| 13:46 | Create | Villager (Male) |
| 14:27 | Create | Villager (Male) |
| 15:00 | Age | Feudal Age |
| 15:02 | Research | Gold Mining |
| 15:02 | Research | Gold Mining |
| 15:04 | Research | Double-Bit Axe |
| 15:04 | Research | Double-Bit Axe |
| 15:10 | Build | Stone Wall |
| 15:19 | Build | Stone Wall |
| 15:39 | Build | Building 673 |
| 15:56 | Build | Stone Wall |
| 16:13 | Build | Outpost |
| 16:18 | Create | Villager (Male) ×5 |
| 16:19 | Create | Villager (Male) ×5 |
| 16:19 | Create | Villager (Male) ×5 |
| 16:19 | Create | Villager (Male) ×3 |
| 17:14 | Build | Farm |
| 17:14 | Build | Farm |
| 17:15 | Build | Farm |
| 17:16 | Build | Farm |
| 17:17 | Build | Farm |
| 17:34 | Build | Stable |
| 17:42 | Build | Stable |
| 17:44 | Build | Stable |
| 17:48 | Build | Stable |
| 18:09 | Build | Farm |
| 18:10 | Build | Farm |
| 18:10 | Build | Farm |
| 18:10 | Build | Farm |
| 18:11 | Build | Farm |
| 18:11 | Build | Farm |
| 18:11 | Build | Farm |
| 18:11 | Build | Farm |
| 18:11 | Build | Farm |
| 18:28 | Build | Mining Camp |
| 18:37 | Build | Farm |
| 18:47 | Build | Farm |
| 18:47 | Build | Farm |
| 18:47 | Build | Farm |
| 18:47 | Build | Farm |
| 18:48 | Build | Farm |
| 18:48 | Build | Farm |
| 18:48 | Build | Farm |
| 18:48 | Build | Farm |
| 19:15 | Build | Stable |
| 19:17 | Build | Stable |
| 19:31 | Build | Stable |
| 20:07 | Build | Farm |
| 20:33 | Build | Stable |
| 20:44 | Build | House |
| 20:45 | Build | House |
| 20:46 | Build | House |
| 20:47 | Build | House |
| 20:48 | Build | House |
| 20:53 | Build | House |
| 20:54 | Build | House |
| 20:55 | Build | House |
| 20:56 | Build | House |
| 20:58 | Build | House |
| 20:59 | Build | House |
| 21:00 | Build | House |
| 21:20 | Build | House |
| 21:22 | Build | House |
| 21:23 | Build | House |
| 21:24 | Build | House |
| 21:25 | Build | House |
| 21:26 | Build | House |
| 21:26 | Build | House |
| 21:28 | Build | House |
| 21:29 | Build | House |
| 21:30 | Build | House |
| 21:48 | Create | Villager (Male) ×5 |
| 21:48 | Create | Villager (Male) ×5 |
| 21:55 | Build | House |
| 21:56 | Build | House |
| 21:56 | Build | House |
| 21:57 | Build | House |
| 22:09 | Build | Mining Camp |
| 22:40 | Build | Blacksmith |
| 24:01 | Research | Castle Age |
| 24:02 | Research | Castle Age |
Build order — M̷r̷-̷R̷a̷p̷t̷o̷R̷s̷
First 150 of 153 actions detected
| 0:18 | Create | Villager (Male) |
| 0:18 | Research | Loom |
| 0:18 | Research | Loom |
| 0:19 | Create | Villager (Male) |
| 0:19 | Create | Villager (Male) |
| 0:19 | Create | Villager (Male) |
| 0:20 | Create | Villager (Male) |
| 0:20 | Create | Villager (Male) |
| 0:20 | Create | Villager (Male) |
| 0:22 | Build | House |
| 1:35 | Build | Palisade Wall |
| 2:26 | Build | Mill |
| 3:05 | Build | Palisade Wall |
| 3:50 | Build | Outpost |
| 3:55 | Create | Villager (Male) |
| 4:14 | Build | House |
| 4:18 | Create | Villager (Male) |
| 4:24 | Build | House |
| 5:03 | Build | Lumber Camp |
| 5:13 | Create | Villager (Male) |
| 5:53 | Create | Villager (Male) |
| 5:55 | Create | Villager (Male) |
| 9:03 | Create | Villager (Male) |
| 9:33 | Build | Mining Camp |
| 10:07 | Research | Feudal Age |
| 10:08 | Create | Villager (Male) |
| 10:13 | Build | House |
| 10:14 | Build | House |
| 10:33 | Build | Mill |
| 10:59 | Create | Villager (Male) |
| 12:17 | Age | Feudal Age |
| 12:23 | Create | Villager (Male) |
| 12:48 | Build | Market |
| 13:03 | Create | Villager (Male) |
| 13:20 | Build | Mining Camp |
| 13:28 | Research | Double-Bit Axe |
| 13:30 | Research | Horse Collar |
| 14:23 | Create | Villager (Male) |
| 14:24 | Create | Villager (Male) |
| 15:09 | Build | House |
| 15:10 | Build | House |
| 15:18 | Build | House |
| 15:50 | Build | House |
| 15:51 | Build | House |
| 15:51 | Build | House |
| 16:11 | Build | Stone Wall |
| 16:16 | Build | Stone Wall |
| 16:38 | Research | Wheelbarrow |
| 17:02 | Build | Building 673 |
| 17:22 | Create | Villager (Male) |
| 17:22 | Create | Villager (Male) |
| 17:25 | Create | Villager (Male) |
| 17:25 | Create | Villager (Male) |
| 17:35 | Build | Watch Tower |
| 18:22 | Build | Farm |
| 18:48 | Build | Farm |
| 18:56 | Create | Villager (Male) |
| 18:57 | Create | Villager (Male) |
| 19:07 | Build | Mill |
| 19:12 | Build | Farm |
| 19:47 | Build | House |
| 19:50 | Build | House |
| 19:51 | Build | House |
| 19:53 | Build | House |
| 19:56 | Build | House |
| 20:05 | Create | Trade Cart |
| 20:06 | Create | Trade Cart |
| 20:09 | Create | Trade Cart |
| 20:10 | Create | Trade Cart |
| 20:15 | Create | Trade Cart |
| 20:15 | Create | Trade Cart |
| 20:26 | Build | Farm |
| 20:29 | Build | Farm |
| 21:13 | Create | Villager (Male) |
| 21:13 | Create | Villager (Male) |
| 21:47 | Build | House |
| 21:49 | Build | House |
| 23:02 | Build | Lumber Camp |
| 23:27 | Research | Gold Mining |
| 23:27 | Research | Stone Mining |
| 23:30 | Research | Town Watch |
| 24:22 | Build | Blacksmith |
| 24:35 | Create | Villager (Male) |
| 24:35 | Create | Villager (Male) |
| 24:46 | Build | Farm |
| 24:48 | Build | Farm |
| 25:09 | Research | Castle Age |
| 25:16 | Create | Villager (Male) |
| 25:26 | Build | Farm |
| 25:28 | Build | Farm |
| 25:29 | Create | Villager (Male) |
| 25:34 | Create | Villager (Male) |
| 26:12 | Build | Farm |
| 26:19 | Build | Mill |
| 26:53 | Create | Villager (Male) |
| 27:00 | Create | Villager (Male) |
| 28:05 | Age | Castle Age |
| 28:09 | Research | Bow Saw |
| 28:12 | Research | Heavy Plow |
| 29:02 | Build | Barracks |
| 29:09 | Research | Hand Cart |
| 29:18 | Build | Monastery |
| 29:32 | Research | Caravan |
| 29:59 | Create | Monk |
| 30:22 | Build | Stone Wall |
| 30:33 | Build | Barracks |
| 31:01 | Build | Castle |
| 31:33 | Build | Barracks |
| 31:44 | Build | Stable |
| 31:45 | Build | Stable |
| 31:59 | Build | Farm |
| 32:09 | Build | Stone Wall |
| 32:21 | Build | Stone Wall |
| 32:33 | Create | Leitis |
| 32:33 | Create | Leitis |
| 32:34 | Create | Leitis |
| 32:34 | Create | Leitis |
| 32:34 | Create | Leitis |
| 32:34 | Create | Leitis |
| 32:35 | Create | Leitis |
| 32:35 | Create | Leitis |
| 32:35 | Create | Leitis |
| 32:35 | Create | Leitis |
| 32:36 | Create | Leitis |
| 32:36 | Create | Leitis |
| 32:36 | Create | Leitis |
| 32:36 | Create | Leitis |
| 32:36 | Create | Leitis |
| 32:36 | Create | Leitis |
| 32:36 | Create | Leitis |
| 32:36 | Create | Leitis |
| 32:37 | Create | Leitis |
| 32:51 | Build | Watch Tower |
| 33:15 | Build | Stone Wall |
| 33:19 | Build | Building 673 |
| 33:36 | Build | Mining Camp |
| 34:34 | Build | Lumber Camp |
| 34:45 | Create | Leitis |
| 34:45 | Create | Leitis |
| 34:45 | Create | Leitis |
| 34:45 | Create | Leitis |
| 34:46 | Create | Leitis |
| 34:46 | Create | Leitis |
| 34:46 | Create | Leitis |
| 34:46 | Create | Leitis |
| 34:52 | Create | Knight |
| 34:52 | Create | Knight |
| 34:52 | Create | Knight |
| 34:52 | Create | Knight |
| 34:52 | Create | Knight |
Match timeline
| 1:11 | King Win · wall_segment Palisade Wall x8 |
| 1:17 | King Win · wall_segment Palisade Wall x9 |
| 1:21 | amazingsounds2000 · wall_segment Palisade Wall x4 |
| 1:27 | amazingsounds2000 · wall_segment Palisade Wall x6 |
| 1:35 | M̷r̷-̷R̷a̷p̷t̷o̷R̷s̷ · wall_segment Palisade Wall x8 |
| 1:47 | GiulioSalmo · wall_segment Palisade Wall x11 |
| 3:05 | M̷r̷-̷R̷a̷p̷t̷o̷R̷s̷ · wall_segment Palisade Wall x7 |
| 8:58 | amazingsounds2000 · first_building Barracks |
| 10:58 | GiulioSalmo · wall_segment Stone Wall x14 |
| 11:09 | GiulioSalmo · wall_segment Stone Wall x12 |
| 12:17 | M̷r̷-̷R̷a̷p̷t̷o̷R̷s̷ · age_up feudal |
| 12:23 | GiulioSalmo · first_building Barracks |
| 12:41 | King Win · age_up feudal |
| 13:01 | GiulioSalmo · first_building Dock |
| 13:11 | King Win · first_building Barracks |
| 15:00 | amazingsounds2000 · age_up feudal |
| 15:10 | amazingsounds2000 · wall_segment Stone Wall x4 |
| 15:19 | amazingsounds2000 · wall_segment Stone Wall x6 |
| 15:56 | amazingsounds2000 · wall_segment Stone Wall x1 |
| 16:11 | M̷r̷-̷R̷a̷p̷t̷o̷R̷s̷ · wall_segment Stone Wall x2 |
| 16:16 | M̷r̷-̷R̷a̷p̷t̷o̷R̷s̷ · wall_segment Stone Wall x13 |
| 17:34 | amazingsounds2000 · first_building Stable |
| 20:34 | GiulioSalmo · first_market_sell 100 wood |
| 23:12 | King Win · first_building Archery Range |
| 24:57 | King Win · wall_segment Stone Wall x24 |
| 26:41 | amazingsounds2000 · age_up castle |
| 26:50 | amazingsounds2000 · first_building Siege Workshop |
| 27:08 | GiulioSalmo · first_building Monastery |
| 27:56 | King Win · age_up castle |
| 28:05 | M̷r̷-̷R̷a̷p̷t̷o̷R̷s̷ · age_up castle |
| 28:07 | amazingsounds2000 · wall_segment Palisade Wall x1 |
| 28:08 | amazingsounds2000 · wall_segment Palisade Wall x1 |
| 28:27 | amazingsounds2000 · wall_segment Palisade Wall x1 |
| 28:35 | King Win · first_market_sell 100 wood |
| 29:02 | M̷r̷-̷R̷a̷p̷t̷o̷R̷s̷ · first_building Barracks |
| 29:18 | M̷r̷-̷R̷a̷p̷t̷o̷R̷s̷ · first_building Monastery |
| 30:22 | M̷r̷-̷R̷a̷p̷t̷o̷R̷s̷ · wall_segment Stone Wall x21 |
| 31:01 | M̷r̷-̷R̷a̷p̷t̷o̷R̷s̷ · first_building Castle |
| 31:17 | King Win · resign |
| 31:44 | M̷r̷-̷R̷a̷p̷t̷o̷R̷s̷ · first_building Stable |
| 31:57 | M̷r̷-̷R̷a̷p̷t̷o̷R̷s̷ · first_market_buy 100 wood |
| 32:09 | M̷r̷-̷R̷a̷p̷t̷o̷R̷s̷ · wall_segment Stone Wall x1 |
| 32:21 | M̷r̷-̷R̷a̷p̷t̷o̷R̷s̷ · wall_segment Stone Wall x19 |
| 33:15 | M̷r̷-̷R̷a̷p̷t̷o̷R̷s̷ · wall_segment Stone Wall x9 |
| 33:52 | GiulioSalmo · wall_segment Stone Wall x31 |
| 34:37 | GiulioSalmo · first_building Archery Range |
| 35:53 | M̷r̷-̷R̷a̷p̷t̷o̷R̷s̷ · wall_segment Stone Wall x7 |
| 36:13 | GiulioSalmo · first_building Castle |
[ AI ANALYSIS · 1 CREDIT ]
What really happened in this match?
Wolo.gg analyzes every decision: build order, eco, micro, common mistakes by bracket. Personalized analysis on WhatsApp or Discord in 30 seconds.
Civ guide
Incas
Perfil
Jugador #428478